 Dungeon Crawl Stone Soup version 0.28.0-53-g5a82cb258f (webtiles) character file.

Game seed: 16685103553053018453

22 Zeld the Chopper (level 2, -1/27 HPs)
             Began as a Minotaur Berserker on May 28, 2022.
             Was a Follower of Trog.
             Slain by a goblin
             ... wielding a +0 club
             ... led by Robin
              (4 damage)
             ... on level 2 of the Dungeon.
             The game lasted 00:01:06 (1433 turns).

Zeld the Chopper (Minotaur Berserker)               Turns: 1433, Time: 00:01:07

Health: -1/27      AC:  2    Str: 21    XL:     2   Next: 68%
Magic:  1/1        EV: 12    Int:  4    God:    Trog [*.....]
Gold:   34         SH:  0    Dex:  9    Spells: 1/1 levels left

rFire   . . .      SeeInvis .   a - +0 hand axe
rCold   . . .      Faith    .   (no shield)
rNeg    . . .      Spirit   .   b - +0 animal skin
rPois   .          Reflect  .   (helmet restricted)
rElec   .          Harm     .   (no cloak)
rCorr   .          Rampage  .   (no gloves)
Will    .....                   (no boots)
Stlth   +.........              (no amulet)
HPRegen 0.09/turn               (no ring)
MPRegen 0.07/turn               (no ring)

@: no status effects
A: horns 2, retaliatory headbutt
a: Renounce Religion, Berserk


You were on level 2 of the Dungeon.
You worshipped Trog.
Trog was aware of your devotion.
You visited 1 branch of the dungeon, and saw 3 of its levels.

You collected 76 gold pieces.
You spent 42 gold pieces at shops.

Inventory:

Hand Weapons
 a - a +0 hand axe (weapon)
Armour
 b - a +0 animal skin (worn)
Scrolls
 c - 3 scrolls of identify {unknown}
 d - 2 scrolls of amnesia {unknown}
 e - a scroll of enchant armour {unknown}
 g - a scroll of magic mapping
Potions
 f - a potion of ambrosia {unknown}


   Skills:
 * Level 4.0 Fighting
 * Level 4.1 Axes
 + Level 2.8 Armour
 + Level 2.5 Dodging


You had one spell level left.
You didn't know any spells.
Your spell library was empty.

Dungeon Overview and Level Annotations

Branches:
Dungeon (3/15)

Altars:

Shops:
D:2 ?

Annotations:
D:3 Robin


Innate Abilities, Weirdness & Mutations

You have a pair of horns on your head.
You reflexively headbutt those who attack you in melee.


Message History

The goblins go into a battle-frenzy!
The goblin completely misses you. You furiously retaliate!
You headbutt the goblin!
You kill the goblin!
Trog accepts your kill.
There are monsters nearby!
The goblin shouts!
You slash the goblin!
You kill the goblin!
Trog accepts your kill. Robin throws the goblin at you!
The goblin hits you with a +0 club.
You closely miss the goblin. Your headbutt misses the goblin.
You hit the goblin.
You kill the goblin!
Trog accepts your kill.
A goblin comes into view. It is wielding a +0 dagger.
The goblin hits you with a +0 club.
Unknown command.
Unknown command.
You hit the goblin. Your headbutt misses the goblin.
The goblin is severely wounded.
You hit the goblin. The goblin hits you with a +0 club. x2
Unknown command.
You are too injured to fight recklessly!
Unknown command.
You are too injured to fight recklessly!
There is a stone staircase leading up here.
The goblin hits you with a +0 club. x2
You climb upwards.
There is a stone staircase leading down here.
You completely miss the goblin.
The goblin is severely wounded.
You hit the goblin. The goblin barely misses you.
The goblin hits you with a +0 club.
* * * LOW HITPOINT WARNING * * *
Unknown command.
You barely miss the goblin.
The goblin is severely wounded.
You closely miss the goblin. The goblin hits you with a +0 club.
You die...

#.#####.# #....##.#
#######.##.# ###
##....##.#..#######..
#........#.###...##..
#.###.#.##.###...##..
#....................
###..##....#######...
#..g@g........# #...
#.##'#####.##.## #...
#.......##.##..# #...
#.......##<###.# #...
#.......######.######
#......)# #........
#.......# #........
#.......# #........
#.......# #........


You could see 2 goblins.

Vanquished Creatures
  2 bats (D:1)
  3 endoplasms
  A giant cockroach (D:2)
  7 goblins
  3 quokkas
  A ball python (D:1)
  3 frilled lizards
20 creatures vanquished.

Notes
Turn   | Place    | Note
-------+----------+-------------------------------------------
     0 | D:1      | Zeld the Minotaur Berserker began the quest for the Orb.
     0 | D:1      | Reached XP level 1. HP: 19/19 MP: 0/0
    18 | D:1      | Found a faded altar of an unknown god.
   678 | D:2      | Reached XP level 2. HP: 27/27 MP: 1/1
  1052 | D:2      | Found Rydin's Magic Scroll Shop.
  1057 | D:2      | Bought a scroll of magic mapping for 42 gold pieces
  1421 | D:3      | Noticed Robin
  1433 | D:2      | Slain by a goblin

Illustrated notes

Levels and vault maps discovered:
D:1:      minmay_arrival_open_corners, layout_rooms, serial_corexii_hall,
          corexii_hall_statues_deadend, corexii_hall_statues_x,
          corexii_hall_statues_l, corexii_hall_statues_l,
          corexii_hall_statues_x, chequers_hall_statues_corner_a,
          basic_ecumenical_altar
D:2:      minmay_general_purpose_star, layout_basic, serial_shops, shop
D:3:      kennysheep_slugbush, layout_rooms, lemuel_doored_altar,
          chequers_serial_rivers_small_3, uniq_robin

Skill      XL: |  1  2 |
---------------+-------+-----
Fighting       | 4 |  4.0
Axes           | 4 |  4.1
Armour         | |  2.8
Dodging        | |  2.5

Action                   || total
-------------------------++-------
Melee: Hand axe          ||    44
       Headbutt          ||     3
Armor: Animal skin       ||     8
Dodge: Dodged            ||    22
